 Dungeon Crawl Stone Soup version 0.25-a0-99-gfcdb843 (webtiles) character file.

Game seed: 584420446209726042, levelgen mode: deterministic

580400 JimmahDean the Axe Maniac (level 25, -2/205 HPs)
             Began as a Human Skald on Nov 12, 2019.
             Was the Champion of Ru.
             Engulfed by a cloud of flame (3 damage)
             ... on level 5 of the Pits of Slime on Nov 14, 2019.
             The game lasted 03:19:43 (62911 turns).

JimmahDean the Axe Maniac (Human Skald)            Turns: 62911, Time: 03:19:44

Health: -2/205     AC:  7    Str: 24    XL:     25
Magic:  0/26       EV: 18    Int: 16    God:    Ru [******]
Gold:   4942       SH:  0    Dex: 17    Spells: 21/28 levels left

rFire    + + +     SeeInvis .   P - +6 executioner's axe "Murmur" {vamp, +Rage rElec}
rCold    . . .     Gourm    .   (shield currently unavailable)
rNeg     + + .     Faith    .   O - +8 chain mail "Oficwaeps" {Str+2 Slay+5}
rPois    +         Spirit   +   Y - +2 hat {MR+}
rElec    +         Reflect  .   g - +2 cloak {rF+}
rCorr    +         Harm     .   M - +2 pair of gloves
MR       ++...     NoTele   +   Q - -1 pair of boots "Bimum" {rF+ rCorr}
Stlth    ..........             t - amulet of the Tick {Spirit -Tele rF+ rN++}
HPRegen  0.44/turn              Z - ring "Tasilaj" {+Fly rElec rPois Str+3 Int+2}
MPRegen  0.20/turn              m - ring of the Last Spreadsheets {rPois Slay+5}

@: confused, exhausted, corroded, lightly drained
A: no stealth, inability to use devices, hated by all, inexperienced 1
}: 3/15 runes: barnacled, silver, gossamer
a: Draw Out Power, Power Leap, Apocalypse, Renounce Religion


You were on level 5 of the Pits of Slime.
You worshipped Ru.
Ru was exalted by your worship.
You were not hungry.

You visited 9 branches of the dungeon, and saw 47 of its levels.
You also visited: Volcano.

You collected 6690 gold pieces.
You spent 1748 gold pieces at shops.

Inventory:

Hand Weapons
 a - a +5 battleaxe of freezing
 b - a +3 battleaxe of flaming
 P - the +6 executioner's axe "Murmur" (weapon) {vamp, +Rage rElec}
   (You acquired it on level 4 of the Lair of Beasts)

   It inflicts no extra harm, but heals its wielder when it wounds a living foe.
   It insulates you from electricity.
   It lets you go berserk.
Missiles
 l - 23 javelins (quivered)
 N - 61 boomerangs
 S - 43 silver javelins
 X - 7 throwing nets {!f}
Armour
 g - a +2 cloak of fire resistance (worn)
 M - a +2 pair of gloves (worn)
 O - the +8 chain mail "Oficwaeps" (worn) {Str+2 Slay+5}
   (You bought it in a shop on level 10 of the Dungeon)

   It affects your strength (+2).
   It affects your accuracy and damage with ranged weapons and melee attacks
   (+5).
 Q - the -1 pair of boots "Bimum" (worn) {rF+ rCorr}
   (You acquired it on level 3 of the Shoals)

   It protects you from fire.
   It provides partial protection from all sources of acid and corrosion.
 Y - a +2 hat of magic resistance (worn)
Jewellery
 c - the ring "Fucoh" {+Blink MR+ Int+3}
   (You found it on level 4 of the Vaults)

   [ring of protection from magic]

   It affects your intelligence (+3).
   It affects your resistance to hostile enchantments.
   It lets you blink.
 m - the ring of the Last Spreadsheets (right hand) {rPois Slay+5}
   (You found it on level 5 of the Vaults)

   [ring of poison resistance]

   It affects your accuracy and damage with ranged weapons and melee attacks
   (+5).
   It protects you from poison.
 t - the amulet of the Tick (around neck) {Spirit -Tele rF+ rN++}
   (You took it off Boris on level 3 of the Depths)

   [amulet of guardian spirit]

   It causes incoming damage to be split between your health and magic.
   It protects you from fire.
   It greatly protects you from negative energy.
   It prevents most forms of teleportation.
 E - an uncursed ring of poison resistance
 H - the ring "Meclyot" {+Fly rElec rF++ Dex+5}
   (You bought it in a shop on level 2 of the Orcish Mines)

   [ring of flight]

   It affects your dexterity (+5).
   It greatly protects you from fire.
   It insulates you from electricity.
   It lets you fly.
 I - an uncursed ring of protection from cold
 J - an uncursed ring of see invisible
 W - the ring "Nownin" {Fire rPois rN+ Int+3}
   (You took it off a tengu reaver on level 3 of the Depths)

   [ring of fire]

   It enhances your fire magic.
   It affects your intelligence (+3).
   It protects you from fire.
   It makes you vulnerable to cold.
   It protects you from poison.
   It protects you from negative energy.
 Z - the ring "Tasilaj" (left hand) {+Fly rElec rPois Str+3 Int+2}
   (You found it on level 3 of the Depths)

   [ring of flight]

   It affects your strength (+3).
   It affects your intelligence (+2).
   It insulates you from electricity.
   It protects you from poison.
   It lets you fly.
Scrolls
 e - a scroll of blinking
 f - 21 scrolls of teleportation {@r4}
 h - 22 scrolls of remove curse {@r2}
 p - 5 scrolls of fear
 q - 4 scrolls of fog {@r3}
 r - 9 scrolls of magic mapping
 u - 6 scrolls of immolation {!r}
 v - 3 scrolls of enchant armour
 y - 5 scrolls of torment {!r}
 z - 6 scrolls of identify {@r1}
 D - a scroll of holy word
 F - 11 scrolls of amnesia
 K - 6 scrolls of vulnerability {!r}
 L - a scroll of silence
 U - 2 scrolls of brand weapon
Potions
 i - 3 potions of might
 j - 3 potions of cancellation
 k - 6 potions of mutation {!q}
 n - 10 potions of brilliance
 w - 3 potions of invisibility
 x - 9 potions of curing {@q1}
 A - 5 potions of lignification {!q}
 B - 8 potions of haste {@q3}
 C - 4 potions of flight
 G - 2 potions of berserk rage
 R - 5 potions of resistance
 T - 3 potions of agility
Miscellaneous
 o - a fan of gales
Comestibles
 d - 70 rations {@e1}


   Skills:
 + Level 18.5(18.0) Fighting
 O Level 27(26.4) Axes
 * Level 14.1(13.6) Throwing
 - Level 15.0(14.5) Armour
 - Level 15.0(14.5) Dodging
   Level 4.0(3.6) Shields
 - Level 2.0(1.6) Spellcasting
 - Level 10.0(9.6) Hexes
 - Level 10.0(9.6) Charms
 - Level 8.1(7.7) Translocations


You had 21 spell levels left.
You knew the following spells:

 Your Spells              Type           Power        Failure   Level  Hunger
a - Infusion              Chrm           ####         1%          1    ##.....
b - Confusing Touch       Hex            ####..       1%          1    ##.....
c - Spectral Weapon       Hex/Chrm       ####....     5%          3    ####...
d - Blink                 Tloc           N/A          5%          2    ###....

Your spell library contained the following spells:

 Spells                   Type           Power        Failure   Level  Hunger
 Corona                   Hex            ####...      1%          1    ##.....
 Slow                     Hex            ####....     2%          2    ###....
 Song of Slaying          Chrm           ####....     2%          2    ###....
 Apportation              Tloc           ####..       3%          1    ##.....
 Shroud of Golubria       Chrm/Tloc      ####..       3%          2    ###....
 Portal Projectile        Hex/Tloc       ####..       8%          3    ####...
 Gell's Gravitas          Tloc           ####......   11%         3    ####...
 Lesser Beckoning         Tloc           ####......   11%         3    ####...
 Teleport Other           Tloc           ####....     11%         3    ####...
 Cause Fear               Hex            ####......   17%         4    #####..
 Swiftness                Chrm/Air       ###.....     19%         2    ###....
 Dazzling Spray           Conj/Hex       ###...       36%         3    ####...
 Inner Flame              Hex/Fire       ###.....     36%         3    ####...
 Ozocubu's Armour         Chrm/Ice       ###.....     36%         3    ####...
 Regeneration             Chrm/Necr      ###.......   36%         3    ####...
 Passage of Golubria      Tloc           N/A          36%         4    #####..
 Freeze                   Ice            #...         65%         1    ##.....
 Magic Dart               Conj           #...         65%         1    ##.....
 Fulminant Prism          Conj/Hex       ###.......   77%         4    #####..
 Leda's Liquefaction      Hex/Erth       ###.......   77%         4    #####..
 Passwall                 Tmut/Erth      #.......     80%         2    ###....
 Poisonous Vapours        Pois/Air       #.....       80%         2    ###....
 Searing Ray              Conj           #.....       80%         2    ###....
 Throw Frost              Conj/Ice       #.....       80%         2    ###....
 Force Lance              Conj/Tloc      ##......     88%         4    #####..
 Conjure Flame            Conj/Fire      #.......     95%         3    ####...
 Ignite Poison            Fire/Tmut/Pois #.......     95%         3    ####...
 Mephitic Cloud           Conj/Pois/Air  #.......     95%         3    ####...
 Spider Form              Tmut/Pois      #.........   95%         3    ####...
 Static Discharge         Conj/Air       #.......     95%         3    ####...
 Stone Arrow              Conj/Erth      #.....       95%         3    ####...
 Vampiric Draining        Necr           #.........   95%         3    ####...
 Darkness                 Hex            ####......   95%         6    #######
 Invisibility             Hex            ####....     95%         6    #######
 Iskenderun's Battlesphe  Conj/Chrm      ###.....     98%         5    ######.
 Silence                  Hex/Air        ###.......   98%         5    ######.
 Dispersal                Tloc           ####......   99%         6    #######
 Iskenderun's Mystic Bla  Conj           #.......     100%        4    #####..
 Throw Icicle             Conj/Ice       #.......     100%        4    #####..
 Borgnjor's Vile Clutch   Necr/Erth      #.........   100%        5    ######.
 Fireball                 Conj/Fire      #.........   100%        5    ######.
 Lee's Rapid Deconstruct  Erth           #.........   100%        5    ######.
 Bolt of Fire             Conj/Fire      #.........   100%        6    #######
 Conjure Ball Lightning   Conj/Air       #.........   100%        6    #######
 Deflect Missiles         Chrm/Air       ###.......   100%        6    #######
 Freezing Cloud           Conj/Ice/Air   #.........   100%        6    #######
 Orb of Destruction       Conj           #.........   100%        7    #######
 Ring of Flames           Chrm/Fire      ###.......   100%        7    #######
 Controlled Blink         Tloc           N/A          100%        8    #######
 Disjunction              Tloc           ####......   100%        8    #######
 Ignition                 Fire           #.........   100%        8    #######
 Tornado                  Air            #.........   100%        9    #######
 Summon Guardian Golem    Hex/Summ       Unusable     N/A         3    N/A
 Recall                   Summ/Tloc      Unusable     N/A         3    N/A
 Animate Skeleton         Necr           Unusable     N/A         1    N/A
 Summon Small Mammal      Summ           Unusable     N/A         1    N/A
 Animate Dead             Necr           Unusable     N/A         4    N/A
 Summon Ice Beast         Ice/Summ       Unusable     N/A         4    N/A
 Summon Lightning Spire   Summ/Air       Unusable     N/A         4    N/A
 Death Channel            Necr           Unusable     N/A         6    N/A
 Simulacrum               Ice/Necr       Unusable     N/A         6    N/A

Dungeon Overview and Level Annotations

Branches:
Dungeon (15/15)            Temple (1/1) D:6            Lair (6/6) D:10
 Shoals (4/4) Lair:4       Spider (4/4) Lair:2        Slime (5/5) Lair:6
    Orc (2/2) D:10            Elf (0/3) Orc:2        Vaults (5/5) D:13
  Crypt (0/3) Vaults:3     Depths (5/5) D:15            Zot (0/5) Depths:5
Volcano (visited)

Altars:
Ashenzari
Cheibriados
Dithmenos
Elyvilon
Fedhas
Gozag
Hepliaklqana
Kikubaaqudgha
Makhleb
Nemelex Xobeh
Okawaru
Qazlal
Ru
Sif Muna
Trog
Uskayaw
Vehumet
Wu Jian
Xom
Yredelemnul
Zin
The Shining One
Beogh
Jiyva

Shops:
D:10 [   D:11 ?   Orc:2 :=(!   Vaults:4 ?   Depths:1 }=}

Portals:
Hell: Depths:1 Depths:2 Depths:3 Depths:4 Depths:5
Abyss: Depths:1 Depths:3 Depths:4 Depths:5
Pandemonium: Depths:3 Depths:5
Ziggurat: Depths:4

Annotations:
D:4 Grinder
D:8 2 transporters, zarzak's ghost, novice OgWz
D:12 6 runed translucent doors
Lair:1 exclusion: 2 oklob plants
Vaults:5 v5!


Innate Abilities, Weirdness & Mutations

You cannot be stealthy.
You cannot study or use magical devices.
You are hated by all.
You are somewhat inexperienced. (-2 XL)


Message History

Okay, then.
You are restored by drawing out deep reserves of power within.
You feel drained.
You are engulfed in blazing flames.
You resist.
* * * LOW HITPOINT WARNING * * *
The acid blob spits acid at you.
The splash of acid hits you but does no damage.
The acid corrodes you!
You are splashed with acid!
You resist.
* * * LOW HITPOINT WARNING * * *
The acid blob is engulfed in blazing flames.
The acid blob hits you!!!
* * * LOW HITPOINT WARNING * * *
You are splashed with acid.
You resist.
* * * LOW HITPOINT WARNING * * *
The acid blob begins to attack, but is stunned by your will!
You take 1 damage, and have 1/205 hp.
Okay, then.
You are too injured to fight recklessly!
You are confused.
You feel invigorated.
You are engulfed in blazing flames.
You resist.
You die...

.......#**,,*,**,*,*,,**#........
......#**,,,,**,,**,,,,*#........
......##*,,,,,*,**,,,,,*#........
........#*,,,**,,**,,,###........
........##*,,,##,*,,,*#..........
..........#*,*#(,**,###..........
...........####(#####............
...........#..#J#§§#.............
.............§§J@☼○☼§............
.............☼§§§§○§§............
.............§§§☼§☼..............
...............☼§§...............
.........^.......................
...<.............................
#................................
#................................
##............................###


You could see 2 acid blobs.

Vanquished Creatures
  the Royal Jelly (Slime:5)
  Dissolution (Slime:3)
  2 ancient liches (Vaults:5)
  A juggernaut (Depths:4)
  Boris (twice) (Depths:3 Depths:5)
  Bai Suzhen (Vaults:5)
  6 caustic shrikes
  4 golden dragons
  Arachne (Spider:4)
  A lich (Depths:4)
  6 tentacled monstrosities
  Rupert (Orc:2)
  5 titans (Vaults:5)
  20 acid blobs
  Asterion (Depths:2)
  8 sphinxes
  2 quicksilver dragons
  Gastronok (D:10)
  5 storm dragons
  8 tengu reavers
  4 draconian monks (Depths:5)
  10 shadow dragons
  A revenant (Vaults:3)
  11 azure jellies
  7 fire giants
  A draconian knight (Depths:5)
  12 vault wardens
  3 ghost moths (Spider:4)
  An iron dragon (Depths:2)
  A balrug (Depths:4)
  A cacodemon (Depths:3)
  A deep elf sorcerer (Vaults:5)
  Louise (Spider:2)
  2 deep elf elementalists (Vaults:5)
  9 frost giants
  Aizul (Spider:4)
  3 emperor scorpions (Spider:4)
  25 stone giants
  2 war gargoyles (Vaults:5)
  3 draconian annihilators (Depths:5)
  A deep elf demonologist (Vaults:3)
  A deep elf annihilator (Vaults:5)
  15 very ugly things
  11 ironheart preservers
  4 vampire knights
  2 entropy weavers
  Nessos (D:14)
  A green draconian (Depths:5)
  5 purple draconians (Depths:5)
  4 spark wasps
  2 red draconians (Depths:5)
  2 black draconians (Depths:5)
  3 white draconians (Depths:5)
  3 merfolk javelineers
  15 ettins
  2 deep elf death magi
  A crystal guardian (Vaults:4)
  11 death oozes
  An ettin (shapeshifter) (Depths:2)
  7 merfolk impalers
  38 vault guards
  A quicksilver dragon zombie (Depths:3)
  Harold (Lair:1)
  3 deep elf high priests
  10 fire dragons
  17 yaktaur captains
  15 great orbs of eyes
  4 rakshasas
  12 hydras
  A spriggan air mage (Depths:5)
  10 ice dragons
  A catoblepas (Lair:4)
  3 merfolk avatars
  Erica (D:8)
  6 merfolk aquamancers
  21 ogre magi
  48 two-headed ogres
  9 centaur warriors
  5 death knights
  5 deep troll shamans
  4 tengu warriors
  An orc high priest (Orc:1)
  2 vampire magi
  A spriggan berserker (Depths:2)
  7 deep troll earth magi
  A titan skeleton (Depths:3)
  Sonja (Orc:2)
  A deep elf knight (Vaults:2)
  20 hell knights
  A salamander mystic (Volcano)
  A shadow wraith (Vaults:2)
  3 iron trolls
  16 sea snakes
  2 spark wasp zombies (Depths:3)
  2 flayed ghosts
  5 skeletal warriors
  A torturous demonspawn (Depths:3)
  3 death drakes (Depths:5)
  A kraken simulacrum (Shoals:4)
  2 glowing orange brains (Depths:1)
  11 deep trolls
  A golden dragon skeleton (Depths:3)
  4 unseen horrors
  A glowing orange brain (shapeshifter) (D:15)
  11 wizards
  A deep troll (shapeshifter) (Vaults:5)
  3 lindwurms
  26 ironbrand convokers
  5 phantasmal warriors
  9 harpies
  16 orb spiders
  13 orc knights
  5 deep elf archers
  6 shining eyes
  9 necromancers
  A shadow dragon skeleton (Vaults:5)
  10 deep elf magi
  6 orc sorcerers
  31 wolf spiders
  2 fauns (Shoals:1)
  2 fire giant zombies
  12 manticores
  60 ugly things
  A salamander (shapeshifter) (Vaults:2)
  7 salamanders
  A black mamba (shapeshifter) (Depths:3)
  2 moths of wrath (Spider:4)
  16 cyclopes
  4 elephants (Lair:3)
  7 black mambas
  7 merfolk sirens
  Maurice (D:11)
  2 frost giant skeletons
  3 eyes of devastation
  5 centaur zombies
  30 vault sentinels
  5 gargoyles
  2 molten gargoyles (Volcano)
  7 spiny frogs
  10 torpor snails
  3 water nymphs
  46 yaktaurs
  A rime drake (Lair:3)
  A kobold demonologist (D:13)
  A yaktaur zombie (Vaults:4)
  12 freezing wraiths
  7 komodo dragons
  19 demonic crawlers
  2 hellwings (Depths:3)
  An efreet (D:13)
  A yaktaur (shapeshifter) (Vaults:2)
  4 tengu conjurers
  2 ice devils
  A red devil (Depths:4)
  9 trolls
  A merfolk (shapeshifter) (Vaults:5)
  2 queen bees (shapeshifter)
  22 merfolk
  4 meliai
  6 wind drakes
  11 polar bears
  25 hornets
  A meliai (shapeshifter) (D:15)
  23 jumping spiders
  A wind drake (shapeshifter) (Vaults:2)
  10 hippogriffs
  A hornet (shapeshifter) (Vaults:2)
  A raiju (Lair:6)
  A stone giant simulacrum (Vaults:2)
  73 slime creatures
  3 tyrant leeches (Lair:6)
  A frost giant simulacrum (Vaults:4)
  8 blink frogs
  16 dream sheep
  8 snapping turtles
  A snapping turtle (shapeshifter) (Vaults:5)
  Sigmund (D:3)
  84 redbacks
  2 spriggans (shapeshifter)
  A vampire (D:14)
  3 shadows
  47 yaks
  2 humans (shapeshifter)
  25 tarantellas
  2 tarantellas (shapeshifter)
  4 wyverns
  15 water elementals
  2 wraiths
  A yak (shapeshifter) (Vaults:2)
  A fire bat (shapeshifter) (Vaults:5)
  11 golden eyes
  3 basilisks
  A yaktaur simulacrum (Vaults:3)
  5 vampire mosquitoes
  5 hungry ghosts
  A deep troll zombie (Vaults:5)
  8 wargs
  5 acid dragons
  2 soldier ants (D:10)
  9 water moccasins
  9 porcupines
  14 hell hounds (Lair:6)
  47 orc warriors
  A floating eye (Depths:5)
  2 ice beasts
  12 black bears
  8 eyes of draining
  A hornet zombie (D:15)
  4 swamp drakes (Depths:5)
  2 elf zombies
  8 sky beasts
  35 ogres
  3 phantoms
  2 tengu (shapeshifter)
  A necrophage (D:10)
  12 boggarts
  42 wolves
  21 centaurs
  13 crocodiles
  A big kobold (shapeshifter) (Vaults:5)
  2 wyvern zombies
  2 big kobolds (D:13)
  21 bullfrogs
  2 human skeletons (Vaults:5)
  A wyvern skeleton (D:6)
  4 scorpions
  18 killer bees
  A killer bee (shapeshifter) (D:15)
  5 electric eels
  4 howler monkeys
  4 lava snakes (Volcano)
  8 crimson imps
  A quasit (D:8)
  A bullfrog zombie (D:12)
  6 jellies
  16 orc priests
  6 hounds
  6 centaur skeletons
  An iguana (shapeshifter) (Vaults:1)
  A bullfrog skeleton (D:6)
  4 iguanas
  17 orc wizards
  7 worker ants
  4 killer bee zombies
  2 hound skeletons
  4 gnolls
  2 worker ant zombies
  2 howler monkey skeletons
  13 adders
  5 shadow imps
  A white imp (Depths:5)
  2 oozes
  An adder zombie (D:6)
  3 adder skeletons
  2 worms
  4 dart slugs
  11 leopard geckos
  91 orcs
  2 ball pythons
  8 giant cockroaches
  7 goblins
  12 hobgoblins
  12 jackals
  8 kobolds
  5 quokkas
  9 bats
  4 frilled lizards
  A leopard gecko skeleton (D:5)
  A quokka skeleton (D:6)
  10 rats
  10 fungi
  27 plants
  A tentacle (Shoals:4)
2118 creatures vanquished.

Vanquished Creatures (others)
  A titan (Vaults:5)
  A vault warden (Vaults:2)
  An ironheart preserver (Vaults:3)
  2 stone giants
  A white draconian (Depths:5)
  2 yaktaur captains
  4 two-headed ogres
  A deep troll shaman (Depths:4)
  A tengu warrior (Depths:1)
  An iron troll (Depths:3)
  A lindwurm (Depths:5)
  A glowing orange brain (Depths:1)
  An orc knight (Vaults:5)
  2 wolf spiders
  A slime creature (Slime:3)
  A salamander (Volcano)
  Joseph (D:8)
  2 yaktaurs
  A merfolk (Shoals:3)
  A hornet (Spider:3)
  A dream sheep (Shoals:2)
  2 redbacks
  A spriggan (shapeshifter) (Vaults:2)
  A golden eye (Slime:5)
  2 porcupines
  An orc warrior (Orc:2)
  4 ogres
  2 centaurs
  A bullfrog (D:15)
  An orc wizard (Vaults:5)
  2 orcs (Vaults:5)
  18 fungi
  56 plants
  4 spectral weapons
  4 tentacles (Shoals:4)
127 creatures vanquished.

Grand Total: 2245 creatures vanquished

Notes
Turn   | Place    | Note
-------+----------+-------------------------------------------
     0 | D:1      | JimmahDean the Human Skald began the quest for the Orb.
     0 | D:1      | Reached XP level 1. HP: 16/16 MP: 3/3
   349 | D:1      | Reached XP level 2. HP: 22/22 MP: 5/5
   408 | D:1      | Reached skill level 3 in Axes
   539 | D:1      | Reached XP level 3. HP: 27/27 MP: 6/6
  1290 | D:2      | Reached skill level 4 in Axes
  1290 | D:2      | Reached XP level 4. HP: 33/33 MP: 7/7
  1553 | D:2      | Learned a level 1 spell: Confusing Touch
  2080 | D:3      | Reached skill level 1 in Hexes
  2088 | D:3      | Reached XP level 5. HP: 28/38 MP: 8/8
  2402 | D:3      | Noticed Sigmund
  3163 | D:4      | Noticed Grinder
  3198 | D:3      | Reached skill level 5 in Axes
  3224 | D:3      | Reached XP level 6. HP: 34/44 MP: 9/9
  3420 | D:4      | Paralysed by Grinder for 6 turns
  4289 | D:5      | Entered Level 5 of the Dungeon
  4360 | D:5      | Noticed an ice beast
  4463 | D:5      | Killed an ice beast
  4463 | D:5      | Reached skill level 6 in Axes
  4463 | D:5      | Reached XP level 7. HP: 35/50 MP: 10/10
  5127 | D:3      | Killed Sigmund
  5127 | D:3      | Reached skill level 7 in Axes
  5976 | D:5      | Reached XP level 8. HP: 51/56 MP: 11/11
  6260 | D:5      | Reached skill level 8 in Axes
  6840 | D:5      | Found a white marble altar of Elyvilon.
  7261 | D:6      | Found a staircase to the Ecumenical Temple.
  7266 | Temple   | Entered the Ecumenical Temple
  7528 | Temple   | Became a worshipper of Ru the Awakened
  7566 | D:6      | Reached skill level 9 in Axes
  8477 | D:7      | Reached skill level 10 in Axes
  8477 | D:7      | Reached XP level 9. HP: 44/61 MP: 12/12
  8810 | D:7      | Gained mutation: You are somewhat inexperienced. (-2 XL)
                  | [Ru sacrifice]
  8810 | D:7      | Reached XP level 8. HP: 57/57 MP: 11/11
  8810 | D:7      | Reached XP level 7. HP: 51/51 MP: 10/10
  8810 | D:7      | Reached * piety under Ru
  8810 | D:7      | Reached ** piety under Ru
  9273 | D:7      | Reached XP level 8. HP: 32/58 MP: 11/11
 10020 | D:8      | Noticed Erica
 10064 | D:8      | Reached skill level 11 in Axes
 10123 | D:8      | Noticed Joseph
 10604 | D:8      | Reached XP level 9. HP: 37/66 MP: 12/12
 10615 | D:8      | Killed Joseph
 10823 | D:8      | Reached skill level 5 in Fighting
 11145 | D:8      | Killed Erica
 11145 | D:8      | Reached skill level 12 in Axes
 11712 | D:8      | Found a transporter.
 11730 | D:8      | Reached XP level 10. HP: 74/74 MP: 13/13
 11759 | D:8      | Noticed zarzak's ghost (novice OgWz)
 12172 | D:8      | Found a transporter.
 12549 | D:9      | Gained mutation: You cannot be stealthy. [Ru sacrifice]
 12549 | D:9      | Reached *** piety under Ru
 13091 | D:10     | Entered Level 10 of the Dungeon
 13096 | D:10     | Reached skill level 13 in Axes
 13530 | D:10     | Found Duhew's Antique Armour Shoppe.
 13546 | D:10     | Bought a bloodstained chain mail for 275 gold pieces
 13546 | D:10     | Bought a cloak for 130 gold pieces
 13556 | D:10     | Identified the +8 chain mail "Oficwaeps" {Str+2 Slay+5}
                  | (You bought it in a shop on level 10 of the Dungeon)
 13781 | D:10     | Found a staircase to the Lair.
 13817 | Lair:1   | Entered Level 1 of the Lair of Beasts
 13836 | Lair:1   | Reached XP level 11. HP: 79/79 MP: 14/14
 13837 | Lair:1   | Noticed a six-headed hydra
 13855 | Lair:1   | Killed a six-headed hydra
 14129 | Lair:1   | Found a dark tunnel.
 14136 | Volcano  | Entered a volcano
 14315 | Volcano  | Found a burning altar of Makhleb.
 14315 | Volcano  | Noticed a salamander
 14315 | Volcano  | Noticed a salamander
 14315 | Volcano  | Noticed a salamander mystic
 14315 | Volcano  | Noticed a salamander
 14327 | Volcano  | Killed a salamander
 14327 | Volcano  | Reached skill level 14 in Axes
 14330 | Volcano  | Killed a salamander
 14331 | Volcano  | Killed a salamander mystic
 14336 | Volcano  | Killed a salamander
 14351 | Volcano  | Gained mutation: You are hated by all. [Ru sacrifice]
 14351 | Volcano  | Reached **** piety under Ru
 14637 | Volcano  | Noticed a hell knight
 14648 | Volcano  | Noticed a salamander
 14650 | Volcano  | Killed a hell knight
 14650 | Volcano  | Reached skill level 5 in Dodging
 14658 | Volcano  | Killed a salamander
 14869 | Volcano  | Reached skill level 5 in Armour
 15648 | Lair:1   | Noticed an oklob plant
 15794 | Lair:1   | Noticed Harold
 15805 | Lair:1   | Killed Harold
 15815 | Lair:1   | Noticed an oklob plant
 16017 | D:10     | Reached skill level 15 in Axes
 16051 | D:10     | Reached XP level 12. HP: 71/86 MP: 15/15
 16197 | D:10     | Noticed Gastronok
 16215 | D:10     | Killed Gastronok
 16561 | D:10     | Found a roughly hewn altar of Beogh.
 16561 | D:10     | Found a staircase to the Orcish Mines.
 16564 | D:10     | Reached skill level 16 in Axes
 16883 | D:11     | Found Xunyemp's Magic Scroll Boutique.
 16899 | D:11     | Reached skill level 1 in Evocations
 17000 | D:11     | Noticed Maurice
 17019 | D:11     | Killed Maurice
 17626 | D:11     | Noticed a skeletal warrior
 17646 | D:11     | Killed a skeletal warrior
 17820 | D:11     | Noticed a skeletal warrior
 17836 | D:11     | Killed a skeletal warrior
 17845 | D:11     | Noticed a skeletal warrior
 17860 | D:11     | Killed a skeletal warrior
 18563 | Lair:2   | Reached XP level 13. HP: 86/91 MP: 16/16
 18571 | Lair:2   | Found a hole to the Spider Nest.
 18723 | Lair:2   | Noticed a six-headed hydra
 18731 | Lair:2   | Killed a three-headed hydra
 18973 | Lair:2   | Reached skill level 17 in Axes
 19405 | Lair:3   | Noticed a five-headed hydra
 19417 | Lair:2   | Killed a one-headed hydra
 19577 | Lair:3   | Reached skill level 5 in Evocations
 20077 | Lair:3   | You fall into a shaft and drop 2 floors!
 20193 | Lair:4   | Identified 2 scrolls of acquirement
 20197 | Lair:4   | Got a scorched executioner's axe
 20198 | Lair:4   | Identified the +6 executioner's axe "Murmur" {vamp, +Rage
                  | rElec} (You acquired it on level 4 of the Lair of Beasts)
 20850 | Lair:4   | Noticed a seven-headed hydra
 20857 | Lair:4   | Killed a four-headed hydra
 20945 | Lair:4   | Found a staircase to the Shoals.
 21113 | Lair:4   | Reached skill level 18 in Axes
 21136 | Lair:4   | Noticed a catoblepas
 21153 | Lair:4   | Killed a catoblepas
 21812 | Lair:5   | Noticed a five-headed hydra
 21813 | Lair:5   | Noticed a six-headed hydra
 21829 | Lair:5   | Reached XP level 14. HP: 56/98 MP: 18/18
 22493 | Lair:5   | Reached skill level 19 in Axes
 22849 | Lair:6   | Entered Level 6 of the Lair of Beasts
 23116 | Lair:6   | Gained mutation: You cannot study or use magical devices.
                  | [Ru sacrifice]
 23116 | Lair:6   | Reached ***** piety under Ru
 23116 | Lair:6   | Reached ****** piety under Ru
 23679 | Lair:6   | Reached skill level 20 in Axes
 24495 | Lair:6   | Found a runed translucent door.
 24615 | Lair:6   | Paralysed by a hornet for 1 turns
 24626 | Lair:6   | Reached XP level 15. HP: 104/109 MP: 18/18
 24644 | Lair:6   | Paralysed by a hornet for 2 turns
 25318 | Lair:6   | Found a viscous altar of Jiyva.
 25319 | Lair:6   | Found a staircase to the Slime Pits.
 25537 | Lair:6   | Upgraded the game from 0.25-a0-97-g19cdb01 to
                  | 0.25-a0-99-gfcdb843
 25874 | D:12     | Reached skill level 10 in Fighting
 26341 | D:12     | Found a runed translucent gate.
 26341 | D:12     | Found a runed translucent gate.
 26341 | D:12     | Found a runed translucent gate.
 26850 | D:12     | Found a runed translucent gate.
 26850 | D:12     | Found a runed translucent gate.
 26850 | D:12     | Found a runed translucent gate.
 26942 | D:13     | Reached skill level 1 in Throwing
 27020 | Orc:1    | Entered Level 1 of the Orcish Mines
 27438 | Orc:2    | Entered Level 2 of the Orcish Mines
 27947 | Orc:2    | Noticed Sonja
 27953 | Orc:2    | Killed Sonja
 28154 | Orc:2    | Noticed Rupert
 28295 | Orc:2    | Killed Rupert
 28485 | Orc:2    | Found a staircase to the Elven Halls.
 28491 | Orc:1    | Noticed a stone giant
 28503 | Orc:2    | Reached skill level 5 in Throwing
 28738 | Orc:2    | Found a roughly hewn altar of Beogh.
 28807 | Orc:1    | Killed a stone giant
 29206 | Orc:2    | Found Joscheck's Jewellery Boutique.
 29206 | Orc:2    | Found Giufon's Antique Weapon Emporium.
 29208 | Orc:2    | Found Fozor's Book Shop.
 29210 | Orc:2    | Found Imnienk's Distillery.
 29218 | Orc:2    | Bought the ring "Meclyot" {+Fly rElec rF++ Dex+5} for 714
                  | gold pieces
 29227 | Orc:2    | Bought a potion of haste for 170 gold pieces
 29227 | Orc:2    | Bought a potion of invisibility for 136 gold pieces
 29227 | Orc:2    | Bought a potion of flight for 51 gold pieces
 29227 | Orc:2    | Bought 2 potions of invisibility for 272 gold pieces
 29710 | D:13     | Reached XP level 16. HP: 125/125 MP: 19/19
 29887 | D:13     | Found a gate to the Vaults.
 31037 | D:14     | Noticed Nessos
 31045 | D:14     | Killed Nessos
 31424 | D:15     | Entered Level 15 of the Dungeon
 32298 | D:15     | Found a burning altar of Makhleb.
 32299 | D:15     | Found a blossoming altar of Fedhas.
 32299 | D:15     | Found an opulent altar of Gozag.
 32792 | D:15     | Reached skill level 10 in Throwing
 33127 | D:15     | Noticed a sphinx
 33151 | D:15     | Killed a sphinx
 33207 | D:15     | Noticed a frost giant
 33227 | D:15     | Killed a frost giant
 33227 | D:15     | Reached XP level 17. HP: 87/131 MP: 20/20
 33403 | D:15     | Identified The Foundations of Sorcery
 33554 | D:15     | Reached skill level 21 in Axes
 33612 | D:15     | Noticed a storm dragon
 33635 | D:15     | Killed a storm dragon
 33663 | D:15     | Identified the cursed +2 falchion "Fiuvat" {drain, +Rage
                  | rF- Int-5 Dex+7}
 33668 | D:15     | Noticed a storm dragon
 33684 | D:15     | Killed a storm dragon
 34179 | D:15     | Found a staircase to the Depths.
 34542 | Spider:1 | Entered Level 1 of the Spider Nest
 35422 | Spider:1 | Identified the Reference Book on Cankerous Self-Improvement
 35549 | Spider:1 | Reached XP level 18. HP: 138/138 MP: 21/21
 35899 | Spider:2 | Noticed Louise
 35959 | Spider:2 | Killed Louise
 37032 | Spider:3 | Reached XP level 19. HP: 129/143 MP: 22/22
 37389 | Spider:3 | Reached skill level 22 in Axes
 37993 | Spider:4 | Entered Level 4 of the Spider Nest
 38442 | Spider:4 | Noticed Aizul
 38462 | Spider:4 | Killed Aizul
 38683 | Spider:4 | Noticed Arachne
 38706 | Spider:4 | Killed Arachne
 39136 | Spider:4 | Reached skill level 10 in Armour
 39136 | Spider:4 | Reached skill level 10 in Dodging
 40746 | Spider:4 | Got a gossamer rune of Zot
 41107 | Shoals:1 | Entered Level 1 of the Shoals
 41524 | Shoals:1 | Got a shimmering iron ring
 42444 | Shoals:2 | Identified the ring of the Nightingale {rF+ Stlth+} (You
                  | found it on level 1 of the Shoals)
 42580 | Shoals:2 | Reached XP level 20. HP: 154/154 MP: 23/23
 43397 | Shoals:3 | Got a pair of distressingly furry boots
 43403 | Shoals:3 | Identified the -1 pair of boots "Bimum" {rF+ rCorr} (You
                  | acquired it on level 3 of the Shoals)
 44032 | Shoals:4 | Entered Level 4 of the Shoals
 44103 | Shoals:4 | Reached skill level 23 in Axes
 45799 | Shoals:4 | Got a flickering amber ring
 45801 | Shoals:4 | Identified the ring of Binah Paud {Fire Stlth+} (You found
                  | it on level 4 of the Shoals)
 46503 | Shoals:4 | Got a barnacled rune of Zot
 46759 | Vaults:1 | Entered Level 1 of the Vaults
 47685 | Vaults:1 | Reached XP level 21. HP: 166/166 MP: 24/24
 48581 | Vaults:2 | Reached skill level 15 in Fighting
 48796 | Vaults:2 | Reached skill level 24 in Axes
 49113 | Vaults:2 | Identified the +0 plate armour of the Cicada {SInv} (You
                  | found it on level 2 of the Vaults)
 49136 | Vaults:2 | Reached skill level 5 in Hexes
 49136 | Vaults:2 | Reached skill level 5 in Charms
 49569 | Vaults:2 | Learned a level 3 spell: Spectral Weapon
 50245 | Vaults:3 | Reached XP level 22. HP: 175/175 MP: 25/25
 50334 | Vaults:3 | Found a staircase to the Crypt.
 51868 | Vaults:4 | Found Jugythoh's Magic Scroll Shop.
 51951 | Vaults:4 | Found a white marble altar of Elyvilon.
 52420 | Vaults:4 | Reached skill level 10 in Hexes
 52420 | Vaults:4 | Reached skill level 10 in Charms
 52420 | Vaults:4 | Reached XP level 23. HP: 181/181 MP: 26/26
 52470 | Vaults:4 | Got a faintly glowing copper ring
 52471 | Vaults:4 | Identified the ring "Fucoh" {+Blink MR+ Int+3} (You found
                  | it on level 4 of the Vaults)
 52750 | Vaults:5 | Entered Level 5 of the Vaults
 53006 | Depths:1 | Entered Level 1 of the Depths
 53026 | Depths:1 | Reached skill level 25 in Axes
 53045 | Depths:1 | Reached XP level 24. HP: 179/188 MP: 26/26
 53558 | Depths:1 | Identified the +0 battleaxe of the Imperium {vamp, *Noise
                  | rElec Str-3 Dex+9} (You found it on level 1 of the Depths)
 53639 | Depths:1 | Found a gateway to Hell.
 53669 | Depths:1 | Found Fuyt's Gadget Shoppe.
 53669 | Depths:1 | Found Yceq's Jewellery Boutique.
 53670 | Depths:1 | Found Weuqeav's Gadget Shoppe.
 53759 | Depths:1 | Found a one-way gate to the infinite horrors of the Abyss.
 54312 | Depths:2 | Paralysed by a vampire knight for 3 turns
 54343 | Depths:2 | Reached skill level 26 in Axes
 54577 | Depths:2 | Identified the +10 broad axe "Newtslayer" {chop, rPois
                  | Int+3 Dex+3} (You found it on level 2 of the Depths)
 54580 | Depths:2 | Got a clouded lead ring
 54581 | Depths:2 | Identified the ring "Xoigezxi" {MR+ Int+5} (You found it on
                  | level 2 of the Depths)
 54973 | Depths:2 | Noticed Asterion
 54983 | Depths:2 | Killed Asterion
 55178 | Depths:3 | Noticed a golden dragon
 55188 | Depths:3 | Reached XP level 25. HP: 194/194 MP: 22/26
 55397 | Depths:3 | Reached skill level 27 in Axes
 55431 | Depths:3 | Learned a level 2 spell: Blink
 55562 | Depths:3 | Reached skill level 1 in Translocations
 55711 | Depths:3 | Identified Fufadar's Disquisition on Conjuration
 56013 | Depths:3 | Reached skill level 5 in Translocations
 56030 | Depths:3 | Found a one-way gate leading to the halls of Pandemonium.
 56207 | Depths:3 | Identified the amulet of the Tick {Spirit -Tele rF+ rN++}
 56207 | Depths:3 | Noticed Boris
 56210 | Depths:3 | Identified the ring "Nownin" {Fire rPois rN+ Int+3}
 56226 | Depths:3 | Killed Boris
 56501 | Depths:3 | Got a heavily runed platinum ring
 56502 | Depths:3 | Identified the ring "Unec" {+Inv MR+ Int-4 SInv} (You found
                  | it on level 3 of the Depths)
 56516 | Depths:3 | Got a vibrating lead ring
 56517 | Depths:3 | Identified the ring "Tasilaj" {+Fly rElec rPois Str+3
                  | Int+2} (You found it on level 3 of the Depths)
 56686 | Depths:4 | Noticed a juggernaut
 56686 | Depths:4 | Noticed a caustic shrike
 56694 | Depths:4 | Killed a juggernaut
 56697 | Depths:4 | Killed a caustic shrike
 57055 | Depths:4 | Found an iron altar of Okawaru.
 57072 | Depths:4 | Found a gateway to a ziggurat.
 57530 | Depths:5 | Entered Level 5 of the Depths
 57642 | Depths:5 | Paralysed by a floating eye for 4 turns
 58037 | Depths:5 | Found a gate to the Realm of Zot.
 58807 | Depths:5 | Noticed a caustic shrike
 58807 | Depths:5 | Noticed a caustic shrike
 58807 | Depths:5 | Noticed a caustic shrike
 58807 | Depths:5 | Noticed a caustic shrike
 58807 | Depths:5 | Noticed a caustic shrike
 58816 | Depths:5 | Killed a caustic shrike
 58823 | Depths:5 | Killed a caustic shrike
 58828 | Depths:5 | Killed a caustic shrike
 58836 | Depths:5 | Killed a caustic shrike
 58837 | Depths:5 | Killed a caustic shrike
 58948 | Depths:5 | Noticed Boris
 58960 | Depths:5 | Killed Boris
 59772 | Vaults:5 | Noticed an ancient lich
 59798 | Vaults:5 | Killed an ancient lich
 60134 | Vaults:5 | Noticed Bai Suzhen
 60146 | Vaults:5 | Noticed an ancient lich
 60150 | Vaults:5 | Killed Bai Suzhen
 60162 | Vaults:5 | Killed an ancient lich
 60899 | Vaults:5 | Got a silver rune of Zot
 61237 | Vaults:5 | Got a brightly glowing ivory ring
 61238 | Vaults:5 | Identified the ring of the Last Spreadsheets {rPois Slay+5}
                  | (You found it on level 5 of the Vaults)
 61349 | Vaults:5 | Identified the +3 plate armour "Hero's Friend" {rC+ Int+3
                  | Dex+2} (You found it on level 5 of the Vaults)
 61840 | Slime:1  | Entered Level 1 of the Pits of Slime
 62098 | Slime:3  | Noticed Dissolution
 62110 | Slime:3  | Killed Dissolution
 62226 | Slime:5  | Entered Level 5 of the Pits of Slime
 62850 | Slime:5  | Reached skill level 15 in Dodging
 62874 | Slime:5  | Reached skill level 15 in Armour
 62887 | Slime:5  | Noticed the Royal Jelly
 62901 | Slime:5  | Killed the Royal Jelly
 62908 | Slime:5  | HP: 9/205 [acid (5)]
 62909 | Slime:5  | HP: 2/205 [acid[the Royal Jelly] (3)]
 62911 | Slime:5  | Engulfed by a cloud of flame

Levels and vault maps discovered:
D:1:      lemuel_arrival_broad_hall, layout_loops_cross
D:2:      layout_basic, first_ration
D:3:      layout_loops_cross, uniq_sigmund
D:4:      layout_basic, minmay_goblin_kobold_house, uniq_grinder
D:5:      layout_layer_cave, elyvilon_altar_4
D:6:      layout_cave_pools, temple_statues, st_stairs_8
D:7:      layout_basic
D:8:      layout_basic, gammafunk_ghost_stat_death, uniq_erica, uniq_joseph
D:9:      minmay_klotski, layout_gridville, chequers_serial_rivers_micro_c
D:10:     layout_gridville, minmay_lair_entry_grove, david_orc_5, serial_shops,
          shop, hangedman_pestilent_swarm, uniq_gastronok
D:11:     layout_basic, serial_shops, nicolae_shop_window_shopping,
          chequers_garden, uniq_maurice
D:12:     kennysheep_treasure_stockpile, layout_long_grid
D:13:     layout_basic, lightli_vaults_fourway_checkpoint, due_unseen_surprise
D:14:     layout_irregular_city, hangedman_abyss_or_decor_jellyfish_corner,
          gauntlet_entry_generic, minivault_4, uniq_nessos
D:15:     hangedman_slaughterboxes, serial_shops
Temple:   roderic_octagonal_lattice_temple
Lair:1:   layout_chaotic_city, nicolae_volcano_entry_lava_flow,
          minmay_lair_oklob_chamber, lemuel_fruit_tree, serial_bayou_shore_a,
          uniq_harold
Lair:2:   layout_cave_pods, dummy_spider_entry, nicolae_quartered_pool_medium
Lair:3:   layout_chaotic_city, lemuel_fruit_fields, grunt_megastairs_3,
          infiniplex_staircase_pool
Lair:4:   layout_gridlike, elwin_shoals_entry_rocks, minmay_shattered_shrine
Lair:5:   layout_misc_corridors, grunt_forest_large_clearings
Lair:6:   wormcave, layout_regular_city, hangedman_lair_caniforms_friends,
          slime_altar_1
Shoals:1: layout_shoals, nicolae_shoals_so_close
Shoals:2: layout_shoals
Shoals:3: cheibrodos_shoals_three_sisters, layout_shoals
Shoals:4: shoals_end_grunt_ice, layout_shoals
Spider:1: layout_spider_delve, worms_lemuel
Spider:2: layout_spider_delve, drop_trap, uniq_louise
Spider:3: layout_spider_delve, lemuel_hornet_nest, nicolae_spider_cling_ruins
Spider:4: johnstein_spider_rune_arachne_lair, uniq_aizul
Slime:1:  layout_caves
Slime:2:  layout_caves
Slime:3:  layout_caves, uniq_dissolution
Slime:4:  layout_caves, nicolae_slime_phagocytosis
Slime:5
Orc:1:    layout_caves, serial_shops
Orc:2:    st_orc_rangers, layout_caves, basic_altar, uniq_sonja, uniq_rupert
Vaults:1: nicolae_vaults_network_barrier, nicolae_vaults_octagons,
          v_alt_pattern_2, dpeg_vaults_monster_box, hangedman_vaults_restitches,
          v_misc_33, ontoclasm_vaults_twist, nicolae_vaults_diagonal_hallway_8,
          layout_vaults_omnigrid
Vaults:2: st_smaller_cells, v_misc_17, nicolae_vaults_twisting_passages,
          ontoclasm_vaults_spin, nicolae_vaults_mini_display_case,
          nicolae_vaults_network_star, ontoclasm_vaults_ring_small, v_misc_29,
          v_misc_33, vaults_dpeg_diagonal, layout_vaults_ring
Vaults:3: v_misc_9, nicolae_vaults_network_periphery, vaults_room_corners,
          nicolae_vaults_ninety_degrees, hangedman_vaults_maws, v_alt_pattern_5,
          minmay_crypt_entry_simple_sparse, ontoclasm_vaults_hangar,
          ontoclasm_vaults_loading_screen, nicolae_vaults_asterisk,
          layout_vaults_omnicross
Vaults:4: nicolae_vaults_quartermaster, vaults_room_door_ring,
          nicolae_vaults_stairing_the_circle, vaults_room_boxed, v_misc_25,
          v_misc_12, v_misc_19, vaults_mumra_hex, grunt_vaults_hallway_short,
          vaults_room_pool, vaults_dpeg_hooks, vaults_dpeg_ring,
          layout_vaults_big_room, basic_altar, serial_shops, shop_fountains
Vaults:5: uniq_bai_suzhen
Depths:1: layout_gridlike, hell_entry, minmay_misc_feat_five, abyss_entry,
          hangedman_decor_clover_reticule, kennysheep_generic_room_3,
          minmay_shop_grove
Depths:2: kennysheep_bubble_arena, layout_basic, hell_entry,
          eino_small_chamber_without_monster,
          infiniplex_staircase_split_hallway, uniq_asterion
Depths:3: minmay_the_grid_triangle_9x9_recursive_2_mashed
          [minmay_the_grid_triangle_9x9_prize_special,
          minmay_the_grid_triangle_9x9_minimal,
          minmay_the_grid_triangle_9x9_swiss_cheese,
          minmay_the_grid_triangle_9x9_wacky_v], layout_cross, hell_entry,
          rand_demon_pan_entry_8, abyss_entry, kennysheep_another_room,
          st_stairs_4, infiniplex_staircase_pool_1, uniq_boris
Depths:4: minmay_sliced_demisemicircle, layout_gridlike, enter_ziggurat_e,
          hellmouth_1, abyss_entry_small_statue_room, okawaru_ov_weapons_minmay,
          infiniplex_staircase_pool_2
Depths:5: lemuel_castle_with_subvaults [lemuel_castle_interior_carwin_2],
          layout_gridlike, hangedman_coc_ice_floe, abyss_entry,
          minmay_strange_pillars, grunt_pan_entry_sceptre,
          infiniplex_staircase_pool_lava

Skill      XL: |  1  2  3  4  5  6  7  8  9 10 11 12 13 14 15 16 17 18 19 20 21 22 23 24 25 |
---------------+----------------------------------------------------------------------------+-----
Axes           | 3 4 5 6 7 11 12 13 15 16 18 20 21 22 23 24 25 26 27 | 27.0
Hexes          | 1 2 3 6 10 | 10.0
Fighting       | 3 4 5 7 11 12 14 15 18 | 18.5
Shields        | 3 4 |  4.0
Armour         | 3 5 7 8 10 15 | 15.0
Dodging        | 3 5 8 10 15 | 15.0
Evocations     | 3 6 0 |  0.0
Throwing       | 5 10 14 | 14.1
Charms         | 6 10 | 10.0
Translocations | 8 |  8.1
Spellcasting   | |  2.0

Action                   |  1- 3 |  4- 6 |  7- 9 | 10-12 | 13-15 | 16-18 | 19-21 | 22-24 | 25-27 || total
-------------------------+-------+-------+-------+-------+-------+-------+-------+-------+-------++-------
Melee: Hand axe          |   142 |   105 |       |       |       |       |       |       |       ||   247
       War axe           |       |   118 |   403 |   249 |       |       |       |       |       ||   770
       Battleaxe         |       |       |       |   213 |   941 |   712 |   726 |       |       ||  2592
       Executioner's axe |       |       |       |       |       |       |   596 |   863 |  1299 ||  2758
Throw: Dart              |       |     4 |    10 |    14 |       |       |       |       |       ||    28
       Javelin           |       |       |       |     5 |    14 |     9 |     4 |     4 |    27 ||    63
       Boomerang         |       |       |       |       |       |       |    57 |       |       ||    57
 Cast: Confusing Touch   |       |       |     1 |       |       |       |     1 |       |       ||     2
       Spectral Weapon   |       |       |       |       |       |       |       |     5 |       ||     5
Invok: Sacrifice Experie |       |       |     1 |       |       |       |       |       |       ||     1
       Draw Out Power    |       |       |       |     2 |     3 |       |     3 |     1 |     2 ||    11
       Sacrifice Stealth |       |       |       |     1 |       |       |       |       |       ||     1
       Power Leap        |       |       |       |     4 |     1 |       |       |       |       ||     5
       Sacrifice Love    |       |       |       |     1 |       |       |       |       |       ||     1
       Apocalypse        |       |       |       |       |     4 |     2 |     4 |     1 |     4 ||    15
       Sacrifice Artific |       |       |       |       |     1 |       |       |       |       ||     1
Evoke: Wand              |       |       |     8 |     5 |       |       |       |       |       ||    13
  Use: Scroll            |     5 |     1 |    11 |     3 |    13 |     4 |    12 |     6 |     7 ||    62
       Potion            |     1 |     1 |     2 |     4 |     4 |     1 |     8 |     1 |     3 ||    25
 Stab: Invisible         |       |       |     2 |     3 |    12 |    10 |    21 |    12 |    24 ||    84
       Distracted        |       |       |     1 |       |     6 |     8 |    12 |     4 |     5 ||    36
       Confused          |       |       |     1 |       |       |       |       |       |     3 ||     4
       Paralysed         |       |       |       |       |     4 |    10 |     7 |     6 |    10 ||    37
  Eat: Chunk             |     1 |    10 |    21 |    16 |    37 |    24 |    34 |    18 |    10 ||   171
       Ration            |       |       |     1 |     2 |       |       |     3 |       |     5 ||    11
Armor: Leather armour    |     5 |       |    22 |    44 |       |       |       |       |       ||    71
       Scale mail        |    54 |   122 |   121 |       |       |       |       |       |       ||   297
       Chain mail        |       |       |       |   130 |   560 |   396 |   628 |   309 |   583 ||  2606
Dodge: Dodged            |    73 |   108 |   151 |   149 |   367 |   282 |   608 |   347 |   701 ||  2786
Block: Shield            |       |     9 |       |       |       |       |       |       |       ||     9
       Buckler           |       |    19 |    58 |    48 |       |       |       |       |       ||   125

Table legend:
 A = Non-vault XP
 B = Vault XP
 C = Vault XP percentage of total XP
 D = Non-vault monster count
 E = Vault monster count
 F = Vault count percentage of total count
                 A         B        C        D         E       F
            +---------+---------+-------+---------+---------+-------
      Total |  561688 |  580656 |  50.8 |    1315 |     782 |  37.3
            +---------+---------+-------+---------+---------+-------
        D:1 |      65 |       0 |   0.0 |      33 |       0 |   0.0
        D:2 |      63 |       0 |   0.0 |      27 |       0 |   0.0
        D:3 |     113 |     231 |  67.2 |      23 |       1 |   4.2
        D:4 |     327 |       8 |   2.4 |      22 |       4 |  15.4
        D:5 |     631 |       0 |   0.0 |      22 |       0 |   0.0
        D:6 |     502 |       6 |   1.2 |      13 |       2 |  13.3
        D:7 |    1574 |       0 |   0.0 |      35 |       0 |   0.0
        D:8 |    1264 |    1279 |  50.3 |      18 |       2 |  10.0
        D:9 |     554 |       0 |   0.0 |      13 |       0 |   0.0
       D:10 |    1492 |    6031 |  80.2 |      18 |      39 |  68.4
       D:11 |    6149 |     462 |   7.0 |      25 |       1 |   3.8
       D:12 |    6095 |    3907 |  39.1 |      35 |      14 |  28.6
       D:13 |    7187 |    6607 |  47.9 |      36 |      12 |  25.0
       D:14 |    3353 |    1315 |  28.2 |      11 |       1 |   8.3
       D:15 |       0 |   50736 | 100.0 |       0 |      98 | 100.0
     Lair:1 |    1716 |    1175 |  40.6 |       7 |       2 |  22.2
     Lair:2 |    2596 |     973 |  27.3 |      11 |       1 |   8.3
     Lair:3 |    4938 |     101 |   2.0 |      18 |       1 |   5.3
     Lair:4 |    3737 |    3445 |  48.0 |      17 |      11 |  39.3
     Lair:5 |    6622 |    3526 |  34.7 |      22 |      23 |  51.1
     Lair:6 |   10639 |   17597 |  62.3 |      42 |      75 |  64.1
   Shoals:1 |    6127 |     195 |   3.1 |      12 |       1 |   7.7
   Shoals:2 |    9533 |       0 |   0.0 |      21 |       0 |   0.0
   Shoals:3 |    5920 |    8689 |  59.5 |      14 |      12 |  46.2
   Shoals:4 |   10823 |   19089 |  63.8 |      27 |      34 |  55.7
   Spider:1 |   11983 |    4553 |  27.5 |      42 |      13 |  23.6
   Spider:2 |   13111 |    1629 |  11.1 |      42 |       1 |   2.3
   Spider:3 |    8015 |    3335 |  29.4 |      32 |      10 |  23.8
   Spider:4 |   11724 |   34773 |  74.8 |      39 |      54 |  58.1
    Slime:1 |    3108 |       0 |   0.0 |       9 |       0 |   0.0
    Slime:2 |   10952 |       0 |   0.0 |      13 |       0 |   0.0
    Slime:3 |   18376 |   13499 |  42.3 |      30 |       1 |   3.2
    Slime:4 |    5517 |    1077 |  16.3 |       4 |       4 |  50.0
    Slime:5 |   24272 |   33047 |  57.7 |      40 |      12 |  23.1
      Orc:1 |    4532 |       0 |   0.0 |      30 |       0 |   0.0
      Orc:2 |    1425 |    8136 |  85.1 |      17 |      38 |  69.1
   Vaults:1 |   25974 |   16153 |  38.3 |      52 |      21 |  28.8
   Vaults:2 |   34213 |   24802 |  42.0 |      69 |      36 |  34.3
   Vaults:3 |   35271 |   20081 |  36.3 |      57 |      27 |  32.1
   Vaults:4 |   23321 |   30394 |  56.6 |      40 |      41 |  50.6
   Vaults:5 |   24633 |  144815 |  85.5 |      49 |      98 |  66.7
   Depths:1 |   47885 |     849 |   1.7 |      61 |       1 |   1.6
   Depths:2 |   38678 |   12862 |  25.0 |      51 |       8 |  13.6
   Depths:3 |   38563 |   25177 |  39.5 |      45 |      19 |  29.7
   Depths:4 |   24521 |   32277 |  56.8 |      27 |      15 |  35.7
   Depths:5 |   63594 |   43256 |  40.5 |      44 |      37 |  45.7
    Volcano |       0 |    4569 | 100.0 |       0 |      12 | 100.0
            +---------+---------+-------+---------+---------+-------
